2408 views
Uploaded 2021-09-02 14:45:16
Game version 1.32.10
21:22 long 1on1 ladder game on (4)TurtleRock
Saved by aom
2408 views
Uploaded 2021-09-02 14:45:16
Game version 1.32.10
21:22 long 1on1 ladder game on (4)TurtleRock

22 units @ 3.1k
/ 0.3k
13 buildings @ 2k
/ 0.8k



| Rod of Necromancy | 2 | 300 |
| Scroll of Protection | 1 | 150 |
| total: | 3 | 450g |
| Acolyte | 6 | 450 | / | 0 |
| Ghoul | 8 | 960 | / | 0 |
| Obsidian Statue | 5 | 1000 | / | 175 |
| Crypt Fiend | 2 | 430 | / | 80 |
| Abomination | 1 | 240 | / | 70 |
| total: | 22 | 3080g | / | 325w |
| Spirit Tower | 2 | 290 | / | 80 |
| Altar of Darkness | 1 | 180 | / | 50 |
| Ziggurat | 6 | 900 | / | 300 |
| Crypt | 1 | 200 | / | 50 |
| Graveyard | 1 | 215 | / | 0 |
| Tomb of Relics | 1 | 130 | / | 30 |
| Slaughterhouse | 2 | 280 | / | 270 |
| Sacrificial Pit | 1 | 75 | / | 150 |
| Halls of the Dead | 1 | 320 | / | 210 |
| Black Citadel | 1 | 325 | / | 230 |
| total: | 13 | 1980g | / | 850w |
| 0:04 | Acolyte |
| 0:06 | Altar of Darkness |
| 0:08 | Ziggurat |
| 0:11 | Acolyte |
| 0:44 | Crypt |
| 1:05 | Graveyard |
| 1:22 | Tomb of Relics |
| 1:46 | Ghoul |
| 1:46 | Ghoul |
| 1:47 | Ghoul |
| 2:04 | Ziggurat |
| 2:08 | Sleep |
| 2:19 | Ghoul |
| 2:29 | Rod of Necromancy |
| 2:48 | Cannibalize |
| 3:39 | Halls of the Dead |
| 3:42 | Unholy Strength |
| 3:57 | Vampiric Aura |
| 5:01 | Spirit Tower |
| 6:04 | Acolyte |
| 6:04 | Acolyte |
| 6:32 | Rod of Necromancy |
| 6:40 | Black Citadel |
| 7:28 | Slaughterhouse |
| 7:30 | Slaughterhouse |
| 7:31 | Ziggurat |
| 7:35 | Death Coil |
| 7:56 | Vampiric Aura |
| 8:15 | Sacrificial Pit |
| 8:39 | Spirit Tower |
| 8:45 | Obsidian Statue |
| 8:46 | Obsidian Statue |
| 9:03 | Ghoul Frenzy |
| 9:13 | Acolyte |
| 9:58 | Unholy Aura |
| 10:25 | Unholy Armor |
| 10:33 | Ghoul |
| 10:33 | Ghoul |
| 10:34 | Ghoul |
| 10:34 | Ghoul |
| 10:35 | Acolyte |
| 11:41 | Obsidian Statue |
| 11:44 | Crypt Fiend |
| 12:07 | Sleep |
| 12:39 | Ziggurat |
| 12:40 | Ziggurat |
| 12:40 | Ziggurat |
| 12:45 | Disease Cloud |
| 13:28 | Destroyer Form |
| 13:30 | Creature Attack |
| 14:02 | Scroll of Protection |
| 14:34 | Web |
| 14:45 | Breath of Fire |
| 14:45 | Breath of Fire |
| 14:45 | Breath of Fire |
| 14:45 | Breath of Fire |
| 14:46 | Breath of Fire |
| 14:46 | Breath of Fire |
| 14:46 | Breath of Fire |
| 14:47 | Breath of Fire |
| 14:47 | Drunken Haze |
| 14:47 | Drunken Haze |
| 15:19 | Death Pact |
| 16:44 | Crypt Fiend |
| 16:52 | Death Coil |
| 17:04 | Abomination |
| 17:05 | Obsidian Statue |
| 17:26 | Creature Carapace |
| 18:17 | Obsidian Statue |
| 19:13 | Breath of Fire |
| 20:52 | Breath of Fire |
| 20:52 | Breath of Fire |
| 20:52 | Breath of Fire |
| 20:52 | Breath of Fire |
| 20:53 | Breath of Fire |
| 20:53 | Breath of Fire |
| 21:11 | Death Coil |
| Right click | 909 |
| Select | 532 |
| Select group | 385 |
| Misc. action | 127 |
| Build/train/purchase | 95 |
| Use ability | 57 |
| Assign group | 33 |
| Item give/drop | 8 |
| Chat | 6 |
| Remove unit | 1 |
38 units @ 6.2k
/ 0.8k
18 buildings @ 2.1k
/ 0.8k


| Scroll of Regeneration | 2 | 200 |
| Potion of Healing | 3 | 450 |
| Potion of Mana | 2 | 400 |
| Lesser Clarity Potion | 1 | 70 |
| total: | 8 | 1120g |
| Peasant | 8 | 600 | / | 0 |
| Footman | 7 | 945 | / | 0 |
| Rifleman | 11 | 2255 | / | 330 |
| Priest | 4 | 540 | / | 40 |
| Knight | 7 | 1715 | / | 420 |
| Siege Engine | 1 | 195 | / | 60 |
| total: | 38 | 6250g | / | 850w |
| Barracks | 3 | 480 | / | 180 |
| Altar of Kings | 1 | 180 | / | 50 |
| Farm | 8 | 640 | / | 160 |
| Arcane Vault | 1 | 130 | / | 30 |
| Blacksmith | 1 | 140 | / | 60 |
| Lumber Mill | 2 | 240 | / | 0 |
| Arcane Sanctum | 1 | 150 | / | 140 |
| Workshop | 1 | 140 | / | 140 |
| Keep | 1 | 320 | / | 210 |
| Castle | 1 | 360 | / | 210 |
| total: | 18 | 2100g | / | 760w |
| 0:01 | Peasant |
| 0:07 | Barracks |
| 0:15 | Altar of Kings |
| 0:18 | Peasant |
| 0:28 | Farm |
| 0:32 | Peasant |
| 0:51 | Peasant |
| 0:56 | Peasant |
| 1:09 | Footman |
| 1:14 | Farm |
| 1:40 | Peasant |
| 1:50 | Footman |
| 1:55 | Farm |
| 2:12 | Arcane Vault |
| 2:18 | Footman |
| 2:29 | Footman |
| 2:31 | Peasant |
| 2:41 | Farm |
| 2:53 | Holy Light |
| 2:59 | Footman |
| 3:19 | Peasant |
| 3:30 | Blacksmith |
| 3:40 | Farm |
| 3:52 | Footman |
| 4:01 | Lumber Mill |
| 4:11 | Keep |
| 4:17 | Devotion Aura |
| 4:26 | Footman |
| 6:33 | Arcane Sanctum |
| 6:39 | Barracks |
| 6:44 | Rifleman |
| 6:45 | Rifleman |
| 6:50 | Iron Plating |
| 6:51 | Black Gunpowder |
| 7:23 | Lumber Mill |
| 7:50 | Priest |
| 7:59 | Castle |
| 8:12 | Rifleman |
| 8:24 | Rifleman |
| 8:32 | Thunder Clap |
| 10:06 | Long Rifles |
| 10:08 | Rifleman |
| 10:14 | Priest |
| 10:22 | Workshop |
| 10:33 | Knight |
| 10:36 | Knight |
| 10:41 | Scroll of Regeneration |
| 10:48 | Potion of Healing |
| 10:54 | Potion of Mana |
| 11:06 | Potion of Healing |
| 11:49 | Farm |
| 11:50 | Priest |
| 12:00 | Iron Forged Swords |
| 12:16 | Animal War Training |
| 12:35 | Knight |
| 12:46 | Priest Adept Training |
| 13:20 | Knight |
| 13:26 | Steel Plating |
| 13:47 | Knight |
| 14:25 | Farm |
| 14:36 | Divine Shield |
| 14:40 | Storm Bolt |
| 16:08 | Knight |
| 16:09 | Rifleman |
| 16:09 | Rifleman |
| 16:18 | Barracks |
| 16:28 | Priest |
| 16:35 | Barrage |
| 16:46 | Farm |
| 16:50 | Rifleman |
| 16:53 | Rifleman |
| 17:26 | Potion of Healing |
| 17:36 | Rifleman |
| 17:42 | Siege Engine |
| 18:01 | Refined Gunpowder |
| 19:12 | Holy Light |
| 19:20 | Rifleman |
| 19:22 | Knight |
| 19:26 | Priest Master Training |
| 19:47 | Scroll of Regeneration |
| 19:57 | Bash |
| 20:30 | Potion of Mana |
| 20:35 | Lesser Clarity Potion |
| Right click | 280 |
| Select | 261 |
| Build/train/purchase | 88 |
| Use ability | 31 |
| Chat | 11 |